 Dungeon Crawl Stone Soup version 0.24.0-2-g5b39cebb1c (console) character file.

Game seed: 14536493363420175226, levelgen mode: deterministic

468 AlterAsc the Grave Robber (level 6, -2/35 HPs)
             Began as a Deep Elf Necromancer on Oct 29, 2019.
             Slain by a gnoll
             ... wielding a +0 halberd
              (8 damage)
             ... on level 5 of the Dungeon.
             The game lasted 00:34:30 (4342 turns).

AlterAsc the Grave Robber (Deep Elf Necromancer)    Turns: 4342, Time: 00:34:30

Health: -2/35      AC:  8    Str:  6    XL:     6   Next: 81%
Magic:  9/15       EV: 11    Int: 21    God:
Gold:   153        SH:  6    Dex: 15    Spells: 10/15 levels left

rFire    . . .     SeeInvis .   j - +1 long sword (vamp)
rCold    . . .     Gourm    .   b - +0 shield
rNeg     . . .     Faith    .   u - +0 leather armour
rPois    .         Spirit   .   (no helmet)
rElec    .         Reflect  .   i - +1 cloak
rCorr    .         Harm     .   k - +2 pair of gloves
MR       .....                  (no boots)
Stlth    ++........             (no amulet)
HPRegen  0.11/turn              (no ring)
MPRegen  0.14/turn              (no ring)

@: no status effects
A: no striking features
a: no special abilities


You were on level 5 of the Dungeon.
You were not hungry.

You visited 1 branch of the dungeon, and saw 5 of its levels.

You collected 153 gold pieces.

Inventory:

Hand Weapons
 j - a +1 vampiric long sword (weapon)
 r - a +0 spear
 w - a +2 spear of pain
Armour
 a - a +0 robe
 b - a +0 shield (worn)
 i - a +1 cloak (worn)
 k - a +2 pair of gloves (worn)
 o - a +0 ring mail
 u - a +0 leather armour (worn)
Magical Staves
 p - an uncursed staff of wizardry {unknown}
Scrolls
 d - a scroll of immolation {unknown}
 e - 10 scrolls of identify
 g - a scroll of amnesia {unknown}
 h - a scroll of random uselessness {unknown}
 m - a scroll of remove curse {unknown}
 q - a scroll of teleportation {unknown}
 t - a scroll of enchant weapon {unknown}
 y - a scroll of noise {unknown}
Potions
 f - a potion of lignification {unknown}
 l - a potion of heal wounds {unknown}
 n - 2 potions of flight {unknown}
 s - a potion of haste {unknown}
 v - a potion of agility
Comestibles
 c - 5 rations
 x - 2 chunks of flesh


   Skills:
 * Level 2.2 Fighting
 + Level 4.7 Dodging
 - Level 4.1 Stealth
 + Level 5.3 Spellcasting
 + Level 6.3 Necromancy


You had 10 spell levels left.
You knew the following spells:

 Your Spells              Type           Power        Failure   Level  Hunger
a - Pain                  Necr           ####         9%          1    None
b - Animate Skeleton      Necr           N/A          9%          1    None
c - Vampiric Draining     Necr           ####......   26%         3    ##.....

Your spell library contained the following spells:

 Spells                   Type           Power        Failure   Level  Hunger
 Animate Dead             Necr           N/A          63%         4    ####...
 Regeneration             Chrm/Necr      ###.......   67%         3    ##.....


Dungeon Overview and Level Annotations

Branches:
Dungeon (5/15)
 Temple: D:4-7

Altars:
Ashenzari
Okawaru
Sif Muna
Vehumet
Xom
Yredelemnul
The Shining One

Annotations:
D:3 2 transporters
D:4 Blork the orc


Message History

Confirm with . or Enter, or press ? or * to list all spells.
Aiming: Vampiric Draining (safe; 26% risk of failure)
Press: ? - help, Shift-Dir - straight line, f/p - gnoll
Aim: a gnoll, wielding a +0 flail (moderately wounded)
The gnoll is almost dead.
You feel life coursing into your body.
The gnoll hits you from afar with a +0 halberd!
* * * LOW HITPOINT WARNING * * *
The gnoll barely misses you.
You riposte.
You hit the gnoll but do no damage.
The gnoll is almost dead.
You block the gnoll's attack.
Casting: Vampiric Draining (safe; 26% risk of failure)
Confirm with . or Enter, or press ? or * to list all spells.
Aiming: Vampiric Draining (safe; 26% risk of failure)
Press: ? - help, Shift-Dir - straight line, f/p - gnoll
Aim: a gnoll, wielding a +0 flail (almost dead)
You kill the gnoll!
You feel life coursing into your body.
The gnoll hits you from afar with a +0 halberd!
You die...

... .♣♣ ... ...♣
.. ...♣ .. ...#
.#####..####
.$#........ #.
#.#=....... #.
#@#..gg....
##.###)#...g....
##....ggg.g......
##................
#.....)...........
#.................
#.................
#.................
#.................


You could see 3 gnolls.

Vanquished Creatures
  A necrophage (D:5)
  A centaur (D:5)
  A crimson imp (D:5)
  2 orc priests
  An iguana (D:5)
  5 gnolls
  4 adders
  An ooze (D:4)
  2 worms
  A dart slug (D:4)
  2 leopard geckos
  14 orcs
  7 bats
  5 giant cockroaches
  5 goblins
  11 hobgoblins
  5 jackals
  3 quokkas
  9 frilled lizards
  3 kobolds
  6 rats
89 creatures vanquished.

Vanquished Creatures (collateral kills)
  An orc (D:3)
  A goblin (D:2)
  A frilled lizard (D:1)
3 creatures vanquished.

Grand Total: 92 creatures vanquished

Notes
Turn   | Place    | Note
-------+----------+-------------------------------------------
     0 | D:1      | AlterAsc the Deep Elf Necromancer began the quest for the
                  | Orb.
     0 | D:1      | Reached XP level 1. HP: 10/10 MP: 6/6
    19 | D:1      | Learned a level 1 spell: Animate Skeleton
   373 | D:1      | Reached XP level 2. HP: 9/15 MP: 1/8
   390 | D:1      | Reached skill level 5 in Necromancy
   634 | D:2      | Found an iron altar of Okawaru.
   853 | D:2      | Reached XP level 3. HP: 18/19 MP: 8/10
  1639 | D:3      | Learned a level 3 spell: Vampiric Draining
  1697 | D:2      | Reached XP level 4. HP: 17/24 MP: 1/11
  2532 | D:3      | Reached XP level 5. HP: 26/28 MP: 9/13
  2875 | D:3      | Noticed a water moccasin
  2876 | D:3      | Noticed an ogre
  2879 | D:3      | Found a transporter.
  2884 | D:3      | Found a transporter.
  2975 | D:3      | Found a shattered altar of Ashenzari.
  3082 | D:3      | Found a shimmering altar of Xom.
  3082 | D:3      | Found a glowing golden altar of the Shining One.
  3150 | D:3      | Found a basalt altar of Yredelemnul.
  3427 | D:4      | Reached skill level 1 in Fighting
  3428 | D:4      | Noticed Blork the orc
  3478 | D:4      | Noticed a phantom
  3678 | D:4      | Found a shimmering blue altar of Sif Muna.
  3798 | D:4      | Found a radiant altar of Vehumet.
  4063 | D:5      | Entered Level 5 of the Dungeon
  4106 | D:5      | Noticed a centaur
  4107 | D:5      | Noticed a necrophage
  4129 | D:5      | Killed a centaur
  4129 | D:5      | Reached skill level 6 in Necromancy
  4129 | D:5      | Reached XP level 6. HP: 27/34 MP: 0/15
  4136 | D:5      | Reached skill level 5 in Spellcasting
  4342 | D:5      | Slain by a gnoll

Levels and vault maps discovered:
D:1:      matt_arrival_spirals, layout_basic
D:2:      layout_loops_cross, okawaru_gym_becter
D:3:      layout_rooms, gammafunk_temple_overflow_arena, lemuel_round_altar,
          gammafunk_temple_overflow_elements
D:4:      layout_gridville, marbit_many_paths, nicolae_overflow_crystal_walls,
          uniq_blork_the_orc
D:5:      layout_rooms, nicolae_dithmenos_through_a_glass_darkly,
          minmay_temple_entry_offerings, first_ration, grunt_decor_arrowhead,
          uniq_eustachio, uniq_crazy_yiuf_cottage

Skill      XL: |  1  2  3  4  5  6 |
---------------+-------------------+-----
Necromancy     | 5 6 |  6.3
Dodging        | 3 4 |  4.7
Stealth        | 3 4 |  4.1
Spellcasting   | 4 5 |  5.3
Fighting       | 1 2 |  2.2

Action                   |  1- 3 |  4- 6 || total
-------------------------+-------+-------++-------
Melee: Long sword        |       |    42 ||    42
       Spear             |       |    56 ||    56
 Cast: Pain              |    50 |    74 ||   124
       Animate Skeleton  |    17 |     9 ||    26
       Vampiric Draining |     2 |    15 ||    17
  Use: Scroll            |       |     2 ||     2
  Eat: Chunk             |     3 |     6 ||     9
       Ration            |       |     1 ||     1
Armor: Robe              |     5 |     9 ||    14
       Leather armour    |       |    38 ||    38
Dodge: Dodged            |    11 |    83 ||    94
Block: Shield            |       |    25 ||    25
       Rpst.: Long sword |     2 |    22 ||    24
